 Dungeon Crawl Stone Soup version 0.30-a0-1164-ge08a67761e (webtiles) character file.

Game seed: 15481944325883648791

168631 Jase the Peltast (level 18, -2/173 HPs)
             Began as a Formicid Fighter on Apr 29, 2023.
             Was the Champion of Jiyva.
             Slain by a spatial maelstrom (3 damage)
             ... on level 3 of the Abyss.
             The game lasted 01:34:46 (21235 turns).

Jase the Peltast (Formicid Fighter)                Turns: 21235, Time: 01:34:47

Health: -2/173     AC: 26    Str: 27    XL:     18   Next: 28%
Magic:  18/18      EV: 11    Int: 10    God:    Jiyva [******]
Gold:   604        SH: 12    Dex: 20    Spells: 17/17 levels left

rFire   + + +        a - +4 battleaxe (freeze)
rCold   + + .        N - +2 buckler
rNeg    . . .        h - +0 plate armour
rPois   +            (helmet unavailable)
rElec   .            (no cloak)
rCorr   +            (no gloves)
SInv    +            J - +4 pair of boots "Ovvyidwu" {Dex+7}
Will    +....        D - amulet of the acrobat Stlth
                     L - ring "Mazes" {Fly rPois rF+}
HPRegen 2.88/turn    (no ring)
MPRegen 0.66/turn

%: acrobat
@: calling ooze, flying, invisible
A: permanent stasis, dig shafts and tunnels, antennae 3, four strong arms, claws
1, cold resistance 2, fire resistance 2, mutation resistance 2, regeneration 1,
robust 1, wild magic 2, gelatinous body 3, translucent skin 2
}: 1/15 runes: slimy
a: Dig, Shaft Self, Renounce Religion, Oozemancy, Slimify


You were on level 3 of the Abyss.
You worshipped Jiyva.
Jiyva was exalted by your worship.
You visited 6 branches of the dungeon, and saw 27 of its levels.
You visited the Abyss 2 times.
You also visited: Sewer, Bailey and Volcano.

You collected 1613 gold pieces.
You spent 1009 gold pieces at shops.

Inventory:

Hand Weapons
 a - a +4 battleaxe of freezing (weapon)
 b - a +2 battleaxe of flaming
 c - a +4 flail of freezing
 d - a +0 shortbow
Missiles
 j - a throwing net
 k - 50 poisoned darts
 l - 9 atropa-tipped darts
 H - 3 curare-tipped darts
 I - 4 datura-tipped darts
Armour
 h - a +0 plate armour (worn)
 J - the +4 pair of boots "Ovvyidwu" (worn) {Dex+7}
   (You bought it in a shop on level 11 of the Dungeon)

   Dex:       It affects your dexterity (+7).
 N - a +2 buckler (worn)
Jewellery
 D - an amulet of the acrobat (around neck)
 L - the ring "Mazes" (left claw) {Fly rPois rF+}
   (You found it on level 5 of the Pits of Slime)

   [ring of flight]

   rF:        It protects you from fire.
   rPois:     It protects you from poison.
   Fly:       It grants you flight.
Wands
 p - a wand of paralysis (15)
 w - a wand of light (25)
 y - a wand of flame (47)
 z - a wand of digging (7)
Scrolls
 i - 5 scrolls of fear
 v - a scroll of torment
 A - 3 scrolls of enchant armour
 B - 2 scrolls of fog
 C - a scroll of summoning
 G - a scroll of silence
 M - a scroll of poison
 U - 2 scrolls of enchant weapon
Potions
 e - 2 potions of flight
 f - 3 potions of curing
 g - a potion of resistance
 m - 3 potions of invisibility
 q - 2 potions of magic
 r - 2 potions of ambrosia
 t - 3 potions of mutation
 u - a potion of might
 x - 5 potions of attraction
 E - 4 potions of lignification
 F - 3 potions of cancellation
Miscellaneous
 o - a lightning rod (4/4)
 K - a condenser vane


   Skills:
 + Level 18.4 Fighting
 * Level 16.4(16.6) Axes
 - Level 3.6(11.3) Maces & Flails
 + Level 16.6 Armour
 + Level 19.4 Shields


You had 17 spell levels left.
You didn't know any spells.
Your spell library contained the following spells:

 Spells                   Type           Power      Damage    Failure   Level
 Apportation              Tloc           0%         N/A       98%         1
 Necrotise                Necr           0%         1d4       98%         1
 Sandblast                Erth           0%         2d4       98%         1
 Shock                    Conj/Air       0%         1d3       98%         1
 Summon Small Mammal      Summ           0%         N/A       98%         1
 Call Imp                 Summ           0%         N/A       99%         2
 Passwall                 Tmut/Erth      0%         N/A       99%         2
 Poisonous Vapours        Pois/Air       0%         N/A       99%         2
 Wereblood                Tmut           0%         N/A       99%         2
 Call Canine Familiar     Summ           0%         N/A       100%        3
 Mephitic Cloud           Conj/Pois/Air  0%         N/A       100%        3
 Portal Projectile        Hex/Tloc       0%         N/A       100%        3
 Stone Arrow              Conj/Erth      0%         3d7       100%        3
 Tukima's Dance           Hex            0%         N/A       100%        3
 Volatile Blastmotes      Fire/Tloc      0%         2d10      100%        3
 Airstrike                Air            0%         2d(0-16)  100%        4
 Flame Wave               Conj/Fire      0%         2d4       100%        4
 Ice Form                 Ice/Tmut       0%         N/A       100%        4
 Manifold Assault         Tloc           0%         N/A       100%        4
 Passage of Golubria      Tloc           0%         N/A       100%        4
 Freezing Cloud           Conj/Ice/Air   0%         6-21      100%        5
 Metabolic Englaciation   Hex/Ice        0%         N/A       100%        5
 Summon Forest            Summ/Tloc      0%         N/A       100%        5
 Summon Mana Viper        Hex/Summ       0%         N/A       100%        5
 Plasma Beam              Fire/Air       0%         2x1d11    100%        6
 Summon Cactus Giant      Summ           0%         N/A       100%        6
 Malign Gateway           Summ/Tloc      0%         N/A       100%        7
 Summon Horrible Things   Summ           0%         N/A       100%        8
 Blink                    Tloc           Unusable   N/A       N/A         2
 Swiftness                Air            Unusable   N/A       N/A         3

Dungeon Overview and Level Annotations

Branches:
Dungeon (11/15)            Temple (0/1) D:5            Lair (5/5) D:8
  Swamp (3/4) Lair:2       Spider (1/4) Lair:2        Slime (5/5) Lair:5
    Orc (2/2) D:9             Elf (0/3) Orc:2         Sewer (visited)
 Bailey (visited)         Volcano (visited)

Altars:
Ashenzari
Cheibriados
Gozag
Hepliaklqana
Nemelex Xobeh
Ru
Sif Muna
Wu Jian
Yredelemnul
Zin
The Shining One
Jiyva

Shops:
D:6 ?(   D:8 !   D:10 *   D:11 [   Orc:2 !*!:

Annotations:
D:3 2 exclusions
D:4 2 transporters, logorrheac's ghost, amateur GrEE
D:10 1 runed translucent door, mandoloar's ghost, journeyman OpTm
Spider:1 Louise
Slime:5 Royal Jelly


Innate Abilities, Weirdness & Mutations

You cannot be hasted, slowed, berserked, paralysed or teleported.
You can dig through walls and to a lower floor.
You have a pair of large antennae on your head. (SInv)
Your four strong arms can wield two-handed weapons with a shield.
You have sharp fingernails.
Your flesh is very cold resistant. (rC++)
Your flesh is very heat resistant. (rF++)
You are somewhat resistant to both further mutation and mutation removal.
Your natural rate of healing is unusually fast.
You are robust. (+10% HP)
Your spells are harder to cast, but more powerful.
Your gelatinous body deflects attacks. (AC +3, EV +3)
Your translucent skin reduces your foes' accuracy. (Stealth+)


Message History

The wall burns the spatial vortex!
The spatial maelstrom hits you!
* * * LOW HITPOINT WARNING * * *
Space warps horribly around you!
* * * LOW HITPOINT WARNING * * *
The spatial maelstrom barely misses you.
The wall burns the spatial maelstrom!
The spatial maelstrom closely misses you. x2
The wall burns the spatial vortex!
The wall burns the small abomination!
The small abomination barely misses you.
The wall burns the green death!
The walls burn the spatial vortex!
The walls burn the spatial maelstrom!
The spatial maelstrom closely misses you. x2
The wall burns the spatial maelstrom!
The spatial maelstrom hits you but does no damage.
The spatial maelstrom closely misses you.
The walls burn the spatial maelstrom!
Unknown command.
Unknown command.
Unknown command.
You catch the helpless spatial maelstrom completely off-guard!
You slash the spatial maelstrom!
The spatial maelstrom is moderately damaged.
You slash the spatial maelstrom! You slice the spatial maelstrom!!
You freeze the spatial maelstrom. You hit the spatial vortex.
You hit the spatial maelstrom. x2
You hit the small abomination but do no damage.
The walls burn your sixfirhy!
Your sixfirhy dissolves into shadows!
The wall burns the spatial vortex!
The spatial vortex completely misses your large abomination.
The walls burn the spatial vortex!
The spatial maelstrom barely misses you.
The spatial maelstrom hits you.
* * * LOW HITPOINT WARNING * * *
The wall burns the spatial maelstrom!
You block the spatial maelstrom's attack.
The spatial maelstrom hits you.
* * * LOW HITPOINT WARNING * * *
Space warps around you.
You die...

# #
...†.#...... #
. ..
...#.v#...#..#
. . #
#......v..# #
.#2 ##.
#..v#...# ...
[) ##......v#
#
#§##v°..v..##
.# .####.
v2.### #
###.G#xv### ##
###.v@vv##
####vvvvX## {
####.$.vv##
####....###
#####.vv###
####..v####
###.φv####
######


You could see 6 spatial maelstroms, a green death (ally target), 15 spatial
vortices, a small abomination (unable to see you), a friendly glowing orange
brain (summoned) and a friendly large abomination (summoned).

Vanquished Creatures
  4 bone dragons (Abyss:3)
  Mlioglotl (Swamp:1)
  A lich (Abyss:3)
  A tentacled monstrosity (Abyss:3)
  7 tentacled starspawn (Abyss:3)
  4 thorn hunters
  A fenstrider witch (Swamp:3)
  3 very ugly things (Abyss:3)
  A spark wasp (Spider:1)
  A lorocyproca (Abyss:3)
  A dire elephant (Lair:5)
  2 bunyips
  Snorg (D:11)
  3 rakshasas (Abyss:3)
  3 green deaths (Abyss:3)
  2 shambling mangroves (Swamp:3)
  9 hydras
  7 alligators
  3 boulder beetles
  2 catoblepae
  A two-headed ogre (Orc:2)
  A radroach (Spider:1)
  A deep troll shaman (Lair:5)
  3 hell hogs (Abyss:3)
  7 death yaks
  A vampire mage (Swamp:2)
  An orc high priest (Swamp:3)
  11 thrashing horrors (Abyss:3)
  3 sun demons (Abyss:3)
  2 skeletal warriors (Volcano)
  4 skysharks
  A death drake (Swamp:1)
  A goliath frog (Swamp:3)
  A spriggan druid (Swamp:1)
  2 orb spiders
  A shadow demon (Abyss:3)
  An orc knight (Orc:2)
  2 bog bodies
  2 anaconda skeletons (Volcano)
  A wolf spider (Spider:1)
  2 ugly things (Abyss:3)
  A salamander (Abyss:3)
  9 orc sorcerers (Orc:2)
  2 manticores (D:11)
  2 oklob plants (Swamp:3)
  2 worldbinders (Abyss:3)
  A cyclops (D:11)
  A moth of wrath (Lair:2)
  A guardian serpent (Abyss:3)
  39 elephants
  10 black mambas
  A naga mage (Abyss:3)
  2 smoke demons (Abyss:3)
  3 gargoyles (Volcano)
  A titan simulacrum (Abyss:3)
  A torpor snail (Lair:5)
  An orange demon (Abyss:3)
  9 cane toads
  8 komodo dragons
  2 tormentors (Abyss:3)
  A rime drake (Lair:5)
  4 trolls
  2 bloated husks (Swamp:2)
  3 ancient zymes (Abyss:3)
  A hydra zombie (Abyss:3)
  3 polar bears
  A hellwing (Abyss:3)
  10 tyrant leeches
  8 hornets
  2 raiju (Abyss:3)
  8 tarantellas
  4 blink frogs (Lair:1)
  10 jumping spiders
  An alligator skeleton (Volcano)
  4 flying skulls
  2 culicivoras (Spider:1)
  A wraith (D:11)
  5 ynoxinuls (Abyss:3)
  8 spriggans
  8 small abominations (Abyss:3)
  A vampire (Abyss:3)
  A shadow (D:11)
  5 basilisks
  A yak (shapeshifter) (Abyss:3)
  5 wyverns
  5 vampire mosquitoes
  59 yaks
  A chaos spawn (Abyss:3)
  12 redbacks (Spider:1)
  A neqoxec (Abyss:3)
  A steam dragon (D:6)
  A naga (Abyss:3)
  A spatial vortex (Abyss:3)
  6 wargs (Orc:2)
  13 swamp worms
  11 water moccasins
  A swamp drake (Swamp:1)
  An ice beast (D:7)
  6 black bears
  14 orc warriors
  9 large abominations (Abyss:3)
  A sky beast (D:8)
  A hornet zombie (D:6)
  A centaur (D:9)
  11 ogres
  20 wolves
  4 phantoms
  10 kobold brigands
  12 bullfrogs
  6 gnoll sergeants
  4 scorpions
  A water moccasin zombie (D:6)
  15 wights
  A wyvern skeleton (D:6)
  A water moccasin skeleton (D:6)
  3 killer bees (D:9)
  A howler monkey (D:4)
  2 electric eels
  4 centaur zombies (D:6)
  6 bullfrog zombies (D:6)
  6 hounds
  A gnoll bouda (D:8)
  8 orc priests
  25 starcursed masses (Abyss:3)
  3 bullfrog skeletons (D:6)
  4 iron imps (Abyss:3)
  2 jellies (Sewer)
  3 sleepcaps
  A centaur skeleton (D:6)
  4 iguanas
  Ijyb (D:3)
  Natasha (thrice) (D:4)
  34 orc wizards
  2 hell rats (Lair:5)
  2 naga skeletons (Volcano)
  2 howler monkey zombies (D:6)
  16 gnolls
  A howler monkey skeleton (D:6)
  4 adders
  7 river rats
  2 white imps (D:7)
  2 ufetubi (Abyss:3)
  7 worms
  2 dart slugs
  66 orcs
  13 ball pythons
  3 bats
  7 endoplasms
  11 giant cockroaches
  9 goblins
  7 hobgoblins
  5 jackals
  4 quokkas
  4 frilled lizards (Sewer)
  20 kobolds
  11 rats
  A spectral goblin (D:2)
  2 spectral weapons (Spider:1)
  12 starspawn tentacles (Abyss:3)
864 creatures vanquished.

Vanquished Creatures (collateral kills)
  Asterion (Spider:1)
  An entropy weaver (Spider:1)
  A spriggan berserker (Swamp:2)
  A spatial maelstrom (Abyss:3)
  A tarantella (Spider:1)
  A culicivora (Spider:1)
  5 redbacks (Spider:1)
11 creatures vanquished.

Vanquished Creatures (others)
  3 glowing orange brains (Abyss:3)
  A large abomination (Abyss:3)
  3 bloated husks
  A tarantella (Spider:1)
  A raiju (Abyss:3)
  A flying skull (Abyss:3)
  3 golden eyes (Abyss:3)
  3 water moccasins
  An orc warrior (Orc:2)
  2 centaurs (D:8)
  A wolf (Lair:1)
  A bullfrog (D:6)
  2 scorpions
  A wight (D:7)
  109 jellies
  A bullfrog zombie (D:6)
  An orc priest (D:7)
  4 orc wizards (Orc:2)
  A hell rat (Lair:5)
  A killer bee zombie (D:6)
  3 gnolls
  A dart slug (D:4)
  17 orcs
  A ball python (D:4)
  2 goblins (D:3)
  2 kobolds (D:11)
  A rat (Lair:5)
  90 fungi
  92 plants
  14 starspawn tentacles (Abyss:3)
  5 withered plants (D:6)
369 creatures vanquished.

Grand Total: 1244 creatures vanquished

Notes
Turn   | Place    | Note
-------+----------+-------------------------------------------
     0 | D:1      | Jase the Formicid Fighter began the quest for the Orb.
     0 | D:1      | Reached XP level 1. HP: 18/18 MP: 1/1
   127 | D:1      | Reached XP level 2. HP: 24/24 MP: 2/2
   515 | D:1      | Reached XP level 3. HP: 20/30 MP: 1/3
   933 | D:2      | Reached XP level 4. HP: 37/37 MP: 4/4
  1101 | D:2      | Found a faded altar of an unknown god.
  1369 | D:3      | Found a glowing drain.
  1373 | Sewer    | Entered a sewer
  1506 | Sewer    | Reached XP level 5. HP: 43/43 MP: 5/5
  1690 | Sewer    | Reached skill level 5 in Fighting
  1690 | Sewer    | Reached skill level 5 in Shields
  1690 | Sewer    | Reached XP level 6. HP: 47/51 MP: 4/6
  1704 | Sewer    | Found a viscous altar of Jiyva.
  1729 | Sewer    | Became a worshipper of Jiyva Jiadgh the Shapeless
  1851 | D:3      | Found a sparkling altar of Nemelex Xobeh.
  2116 | D:3      | Reached * piety under Jiyva
  2392 | D:3      | Noticed Ijyb
  2417 | D:3      | Killed Ijyb
  2531 | D:3      | Found a sacrificial altar of Ru.
  2611 | D:4      | Found a transporter.
  2614 | D:4      | Noticed logorrheac's ghost (amateur GrEE)
  2641 | D:4      | Found a transporter.
  2662 | D:4      | Reached ** piety under Jiyva
  2665 | D:4      | Noticed a black bear
  2677 | D:4      | Killed a black bear
  2678 | D:4      | Reached XP level 7. HP: 44/57 MP: 4/7
  3028 | D:4      | Reached *** piety under Jiyva
  3047 | D:4      | Noticed Natasha
  3052 | D:4      | Killed Natasha
  3076 | D:4      | Noticed Natasha
  3089 | D:4      | Killed Natasha
  3144 | D:4      | Noticed Natasha
  3149 | D:4      | Killed Natasha
  3158 | D:5      | Entered Level 5 of the Dungeon
  3158 | D:5      | Gained mutation: Armour fits poorly on your pseudopods.
                  | [Jiyva's grace]
  3158 | D:5      | Gained mutation: Armour fits poorly on your large
                  | pseudopods. [Jiyva's grace]
  3158 | D:5      | Gained mutation: Armour fits poorly on your massive
                  | pseudopods. [Jiyva's grace]
  3158 | D:5      | Gained mutation: You have sharp fingernails. [Jiyva's
                  | grace]
  3186 | D:5      | Reached skill level 5 in Armour
  3186 | D:5      | Reached skill level 6 in Shields
  3194 | D:5      | Reached XP level 8. HP: 14/65 MP: 4/8
  3266 | D:5      | Found a hazy altar of Hepliaklqana.
  3488 | D:5      | Found a staircase to the Ecumenical Temple.
  3673 | D:5      | Found a snail-covered altar of Cheibriados.
  3791 | D:6      | Found Noxuh's Magic Scroll Shoppe.
  3873 | D:6      | Bought a scroll of identify for 24 gold pieces
  3876 | D:6      | Bought a scroll of identify for 24 gold pieces
  3877 | D:6      | Bought a scroll of summoning for 114 gold pieces
  3877 | D:6      | Bought a scroll of poison for 48 gold pieces
  3959 | D:6      | Reached skill level 7 in Shields
  4041 | D:6      | Reached skill level 5 in Axes
  4041 | D:6      | Reached XP level 9. HP: 73/74 MP: 9/9
  4364 | D:6      | Reached skill level 8 in Shields
  4384 | D:6      | Reached **** piety under Jiyva
  4501 | D:6      | Found Luacuep's Weapon Emporium.
  4744 | D:6      | Reached skill level 1 in Maces & Flails
  4818 | D:6      | Reached XP level 10. HP: 83/83 MP: 10/10
  5304 | D:7      | Gained mutation: You have a small jelly attached to you
                  | that may absorb projectiles. [Jiyva's grace]
  5304 | D:7      | Gained mutation: You are partially covered in iridescent
                  | scales. (AC +2) [Jiyva's grace]
  5304 | D:7      | Gained mutation: You are mostly covered in iridescent
                  | scales. (AC +4) [Jiyva's grace]
  5304 | D:7      | Gained mutation: You are completely covered in iridescent
                  | scales. (AC +6) [Jiyva's grace]
  5319 | D:7      | Reached skill level 9 in Shields
  5437 | D:7      | Reached ***** piety under Jiyva
  5441 | D:7      | Reached skill level 10 in Fighting
  5704 | D:8      | Identified the +0 falchion "Wyoghy" {flame, rPois rC- rN+++
                  | Dex+3}
  5733 | D:8      | Found Bymmom's Distillery.
  5768 | D:8      | Bought a potion of degeneration for 13 gold pieces
  5769 | D:8      | Bought 2 potions of curing for 78 gold pieces
  6114 | D:8      | Reached skill level 10 in Shields
  6121 | D:8      | Reached XP level 11. HP: 72/93 MP: 11/11
  6205 | D:8      | Found a basalt altar of Yredelemnul.
  6269 | D:8      | Found a staircase to the Lair.
  6816 | D:6      | Bought a scroll of fear for 48 gold pieces
  6963 | D:9      | You fall into a shaft and drop 2 floors!
  6985 | D:11     | Found Sagix's Antique Armour Boutique.
  7041 | D:11     | Noticed a manticore
  7048 | D:11     | Killed a manticore
  7210 | D:11     | Noticed a manticore
  7218 | D:11     | Killed a manticore
  7249 | D:11     | Noticed Snorg
  7259 | D:11     | Killed Snorg
  7704 | D:11     | Noticed a cyclops
  7712 | D:11     | Killed a cyclops
  7713 | D:11     | Reached skill level 11 in Shields
  7959 | D:10     | Entered Level 10 of the Dungeon
  8082 | D:10     | Found a flagged portal.
  8102 | Bailey   | Entered a bailey
  8287 | Bailey   | Reached XP level 12. HP: 83/103 MP: 12/12
  8300 | Bailey   | Found a bloodstained altar of Trog.
  8364 | D:10     | Found Xawo Gacwa's Assorted Antiques.
  8369 | D:10     | Identified the +0 leather armour "Ytucats" {Int+4}
  8377 | D:10     | Bought a scroll of identify for 64 gold pieces
  8417 | D:10     | Lost mutation: Armour fits poorly on your massive
                  | pseudopods. [Jiyva's grace]
  8417 | D:10     | Gained mutation: Your system is resistant to poisons.
                  | (rPois) [Jiyva's grace]
  8417 | D:10     | Gained mutation: Your translucent skin slightly reduces
                  | your foes' accuracy. (Stealth+) [Jiyva's grace]
  8417 | D:10     | Gained mutation: Your translucent skin reduces your foes'
                  | accuracy. (Stealth+) [Jiyva's grace]
  8417 | D:10     | Gained mutation: Your transparent skin significantly
                  | reduces your foes' accuracy. (Stealth+) [Jiyva's grace]
  8504 | D:9      | Found a staircase to the Orcish Mines.
  8588 | D:9      | Found a shimmering blue altar of Sif Muna.
  8591 | D:9      | Found an opulent altar of Gozag.
  9018 | D:10     | Found a runed translucent door.
  9025 | D:10     | Noticed mandoloar's ghost (journeyman OpTm)
  9025 | D:10     | Identified the +5 trident "Jellyslayer" {heavy, Str+7 Int+2
                  | Dex-2 Stlth+}
  9069 | D:10     | Noticed a spriggan rider
  9107 | D:10     | Reached ****** piety under Jiyva
  9120 | D:10     | Found an ornate altar of the Wu Jian Council.
  9121 | D:10     | Found a broken altar of Ashenzari.
  9122 | D:10     | Found a glowing silver altar of Zin.
  9155 | D:10     | Reached skill level 10 in Armour
  9682 | Lair:1   | Entered Level 1 of the Lair of Beasts
  9799 | Lair:1   | Reached skill level 12 in Shields
  9935 | Lair:1   | Found a glowing golden altar of the Shining One.
 10040 | Lair:1   | Lost mutation: You are completely covered in iridescent
                  | scales. (AC +6) [Jiyva's grace]
 10040 | Lair:1   | Lost mutation: Armour fits poorly on your large pseudopods.
                  | [Jiyva's grace]
 10040 | Lair:1   | Lost mutation: You have a small jelly attached to you that
                  | may absorb projectiles. [Jiyva's grace]
 10040 | Lair:1   | Gained mutation: You are somewhat resistant to further
                  | mutation. [Jiyva's grace]
 10040 | Lair:1   | Gained mutation: You are somewhat resistant to both further
                  | mutation and mutation removal. [Jiyva's grace]
 10040 | Lair:1   | Gained mutation: You are almost entirely resistant to
                  | further mutation and mutation removal. [Jiyva's grace]
 10040 | Lair:1   | Gained mutation: You are covered in fur. (AC +1) [Jiyva's
                  | grace]
 10618 | Lair:2   | Noticed a catoblepas
 10637 | Lair:2   | Killed a catoblepas
 10638 | Lair:2   | Reached skill level 13 in Shields
 10638 | Lair:2   | Reached XP level 13. HP: 112/112 MP: 13/13
 10695 | Lair:2   | Found a dark tunnel.
 10704 | Volcano  | Entered a volcano
 11121 | Lair:2   | Reached skill level 10 in Axes
 11144 | Lair:2   | Found a hole to the Spider Nest.
 11594 | Lair:2   | Gained mutation: Your spells are a little harder to cast,
                  | but a little more powerful. [Jiyva's grace]
 11594 | Lair:2   | Gained mutation: Your spells are harder to cast, but more
                  | powerful. [Jiyva's grace]
 11594 | Lair:2   | Gained mutation: Your spells are much harder to cast, but
                  | much more powerful. [Jiyva's grace]
 11594 | Lair:2   | Gained mutation: You have acidic saliva. [Jiyva's grace]
 11621 | Lair:2   | Reached skill level 14 in Shields
 11662 | Lair:2   | Found a staircase to the Swamp.
 12321 | Lair:3   | Reached XP level 14. HP: 100/121 MP: 14/14
 12901 | Lair:4   | Reached skill level 15 in Fighting
 13106 | Lair:4   | Lost mutation: You are mostly covered in iridescent scales.
                  | (AC +4) [Jiyva's grace]
 13106 | Lair:4   | Lost mutation: You are almost entirely resistant to further
                  | mutation and mutation removal. [Jiyva's grace]
 13106 | Lair:4   | Lost mutation: Your spells are much harder to cast, but
                  | much more powerful. [Jiyva's grace]
 13106 | Lair:4   | Lost mutation: Armour fits poorly on your pseudopods.
                  | [Jiyva's grace]
 13106 | Lair:4   | Lost mutation: Your transparent skin significantly reduces
                  | your foes' accuracy. (Stealth+) [Jiyva's grace]
 13106 | Lair:4   | Gained mutation: You are mostly covered in iridescent
                  | scales. (AC +4) [Jiyva's grace]
 13106 | Lair:4   | Gained mutation: You are completely covered in iridescent
                  | scales. (AC +6) [Jiyva's grace]
 13106 | Lair:4   | Gained mutation: Your melee attacks may engulf your foes in
                  | ooze. [Jiyva's grace]
 13106 | Lair:4   | Gained mutation: You are robust. (+10% HP) [Jiyva's grace]
 13168 | Lair:4   | Reached skill level 15 in Shields
 14256 | Orc:1    | Entered Level 1 of the Orcish Mines
 14432 | Orc:2    | Entered Level 2 of the Orcish Mines
 14750 | D:11     | Bought a pair of faintly humming boots for 256 gold pieces
 14750 | D:11     | Identified the +4 pair of boots "Ovvyidwu" {Dex+7} (You
                  | bought it in a shop on level 11 of the Dungeon)
 14856 | Orc:2    | Found a staircase to the Elven Halls.
 15262 | Orc:2    | Reached XP level 15. HP: 143/143 MP: 15/15
 15267 | Orc:2    | Found Azxusargh's Distillery.
 15267 | Orc:2    | Found Livibel's Assorted Antiques.
 15279 | Orc:2    | Bought a potion of curing for 75 gold pieces
 15279 | Orc:2    | Bought a scroll labelled YRHEIBU OREM for 25 gold pieces
 15279 | Orc:2    | Bought a scroll of identify for 50 gold pieces
 15279 | Orc:2    | Bought a scroll of identify for 50 gold pieces
 15294 | Orc:2    | Bought a potion of resistance for 140 gold pieces
 15352 | Orc:2    | Lost mutation: You are completely covered in iridescent
                  | scales. (AC +6) [Jiyva's grace]
 15352 | Orc:2    | Lost mutation: You are mostly covered in iridescent scales.
                  | (AC +4) [Jiyva's grace]
 15352 | Orc:2    | Lost mutation: You are covered in fur. (AC +1) [Jiyva's
                  | grace]
 15352 | Orc:2    | Lost mutation: You have acidic saliva. [Jiyva's grace]
 15352 | Orc:2    | Gained mutation: Your natural rate of healing is unusually
                  | fast. [Jiyva's grace]
 15352 | Orc:2    | Gained mutation: You heal very quickly. [Jiyva's grace]
 15352 | Orc:2    | Gained mutation: You regenerate. [Jiyva's grace]
 15352 | Orc:2    | Gained mutation: Your movements are slightly less
                  | encumbered by armour. (ER -2) [Jiyva's grace]
 15382 | Orc:2    | Found Vibam's Distillery.
 15382 | Orc:2    | Found Ytwen's Book Emporium.
 15385 | Orc:2    | Reached skill level 16 in Shields
 15861 | Lair:5   | Entered Level 5 of the Lair of Beasts
 16272 | Lair:5   | Found a runed translucent door.
 16440 | Lair:5   | Got the Commentary on Displacement
 16533 | Lair:5   | Lost mutation: You regenerate. [Jiyva's grace]
 16533 | Lair:5   | Lost mutation: You heal very quickly. [Jiyva's grace]
 16533 | Lair:5   | Lost mutation: Your melee attacks may engulf your foes in
                  | ooze. [Jiyva's grace]
 16533 | Lair:5   | Gained mutation: Your flesh is heat resistant. (rF+)
                  | [Jiyva's grace]
 16533 | Lair:5   | Gained mutation: Your flesh is very heat resistant. (rF++)
                  | [Jiyva's grace]
 16533 | Lair:5   | Gained mutation: Your flesh is almost immune to the effects
                  | of heat. (rF+++) [Jiyva's grace]
 16533 | Lair:5   | Gained mutation: Your rubbery body absorbs attacks. (AC +1,
                  | EV +1) [Jiyva's grace]
 16866 | Lair:5   | Found a staircase to the Slime Pits.
 16866 | Lair:5   | Noticed an acid blob
 16866 | Lair:5   | Noticed an acid blob
 16866 | Lair:5   | Noticed an acid blob
 16895 | Slime:1  | Entered Level 1 of the Pits of Slime
 16905 | Slime:1  | Noticed an acid blob
 16908 | Slime:2  | Noticed an azure jelly
 16909 | Slime:2  | Noticed a quicksilver ooze
 16914 | Slime:3  | Noticed an azure jelly
 16914 | Slime:3  | Noticed a quicksilver ooze
 16922 | Slime:4  | Noticed a quicksilver ooze
 16940 | Slime:5  | Entered Level 5 of the Pits of Slime
 16946 | Slime:5  | Noticed an acid blob
 16960 | Slime:5  | Found a viscous altar of Jiyva.
 16962 | Slime:5  | Noticed an acid blob
 16963 | Slime:5  | Noticed an acid blob
 16963 | Slime:5  | Noticed the Royal Jelly
 16963 | Slime:5  | Noticed a quicksilver ooze
 16963 | Slime:5  | Noticed an acid blob
 16964 | Slime:5  | Noticed an acid blob
 16964 | Slime:5  | Noticed an acid blob
 16974 | Slime:5  | Got Otos's Excursus on Interference and Company
 16976 | Slime:5  | Identified the ring "Mazes" {Fly rPois rF+}
 16980 | Slime:5  | Got a slimy rune of Zot
 16982 | Slime:5  | Got Sif Muna's Cyclopedia of Ignition
 16992 | Slime:5  | Got the Cyclopedia of Mutable Hexes
 17017 | Slime:5  | Noticed a quicksilver ooze
 17052 | Slime:2  | Noticed a rockslime
 17186 | Swamp:1  | Entered Level 1 of the Swamp
 17186 | Swamp:1  | Noticed Mlioglotl
 17201 | Swamp:1  | Noticed a Hell Sentinel
 17204 | Swamp:1  | Killed Mlioglotl
 17379 | Swamp:1  | Reached skill level 17 in Shields
 17661 | Swamp:1  | Identified the +9 scale mail of the Gloaming {rElec rF+
                  | Will-}
 17677 | Swamp:1  | Reached XP level 16. HP: 150/154 MP: 16/16
 18064 | Swamp:2  | Noticed a thorn hunter
 18078 | Swamp:2  | Killed a thorn hunter
 18843 | Swamp:3  | Noticed a fenstrider witch
 18859 | Swamp:3  | Killed a fenstrider witch
 18860 | Swamp:3  | Reached skill level 15 in Armour
 18903 | Swamp:3  | Noticed a thorn hunter
 18918 | Swamp:3  | Killed a thorn hunter
 18956 | Swamp:3  | Noticed a thorn hunter
 18970 | Swamp:3  | Killed a thorn hunter
 19004 | Swamp:3  | Noticed a thorn hunter
 19023 | Swamp:3  | Killed a thorn hunter
 19081 | Swamp:3  | Lost mutation: You are partially covered in iridescent
                  | scales. (AC +2) [Jiyva's grace]
 19081 | Swamp:3  | Lost mutation: Your flesh is almost immune to the effects
                  | of heat. (rF+++) [Jiyva's grace]
 19081 | Swamp:3  | Lost mutation: Your system is resistant to poisons. (rPois)
                  | [Jiyva's grace]
 19081 | Swamp:3  | Lost mutation: Your movements are slightly less encumbered
                  | by armour. (ER -2) [Jiyva's grace]
 19081 | Swamp:3  | Gained mutation: Your pliable body absorbs attacks. (AC +2,
                  | EV +2) [Jiyva's grace]
 19081 | Swamp:3  | Gained mutation: Your gelatinous body deflects attacks. (AC
                  | +3, EV +3) [Jiyva's grace]
 19081 | Swamp:3  | Gained mutation: Your flesh is cold resistant. (rC+)
                  | [Jiyva's grace]
 19081 | Swamp:3  | Gained mutation: Your flesh is very cold resistant. (rC++)
                  | [Jiyva's grace]
 19795 | Spider:1 | Entered Level 1 of the Spider Nest
 19795 | Spider:1 | Noticed Asterion
 19806 | Spider:1 | Noticed Louise
 19808 | Spider:1 | Reached skill level 18 in Shields
 19811 | Spider:1 | HP: 6/155 [Asterion/+0 spectral demon blade (14)]
 19812 | Spider:1 | Killed Asterion
 19821 | Abyss:3  | Cast into level 3 of the Abyss (Louise)
 19982 | Abyss:3  | Noticed a tentacled starspawn
 19991 | Abyss:3  | Killed a tentacled starspawn
 19992 | Abyss:3  | Reached XP level 17. HP: 162/162 MP: 17/17
 20048 | Abyss:3  | Noticed a tentacled starspawn
 20056 | Abyss:3  | Killed a tentacled starspawn
 20075 | Abyss:3  | Found a corrupted altar of Lugonu.
 20175 | Abyss:3  | Reached skill level 15 in Axes
 20186 | Spider:1 | Escaped the Abyss
 20344 | Abyss:3  | Cast into level 3 of the Abyss (Louise)
 20348 | Abyss:3  | Noticed a lich
 20352 | Abyss:3  | Noticed a tentacled starspawn
 20366 | Abyss:3  | Killed a tentacled starspawn
 20373 | Abyss:3  | Killed a lich
 20486 | Abyss:3  | Found a corrupted altar of Lugonu.
 20566 | Abyss:3  | Found a corrupted altar of Lugonu.
 20626 | Abyss:3  | Found a corrupted altar of Lugonu.
 20686 | Abyss:3  | Noticed a tentacled starspawn
 20697 | Abyss:3  | Killed a tentacled starspawn
 20740 | Abyss:3  | Noticed a tentacled starspawn
 20750 | Abyss:3  | Killed a tentacled starspawn
 20771 | Abyss:3  | Noticed a tentacled starspawn
 20782 | Abyss:3  | Killed a tentacled starspawn
 20785 | Abyss:3  | Reached skill level 19 in Shields
 20798 | Abyss:3  | Noticed a bone dragon
 20810 | Abyss:3  | Killed a bone dragon
 20881 | Abyss:3  | Noticed a tentacled starspawn
 20882 | Abyss:3  | Noticed a bone dragon
 20889 | Abyss:3  | Killed a tentacled starspawn
 20906 | Abyss:3  | Killed a bone dragon
 20907 | Abyss:3  | Reached XP level 18. HP: 106/172 MP: 18/18
 21051 | Abyss:3  | Noticed a tentacled monstrosity
 21052 | Abyss:3  | Found a corrupted altar of Lugonu.
 21059 | Abyss:3  | Killed a tentacled monstrosity
 21119 | Abyss:3  | Noticed a bone dragon
 21137 | Abyss:3  | Killed a bone dragon
 21149 | Abyss:3  | Noticed a bone dragon
 21189 | Abyss:3  | Killed a bone dragon
 21234 | Abyss:3  | HP: 6/173 [spatial maelstrom (14)]
 21235 | Abyss:3  | HP: 1/173 [spatial maelstrom (4)]
 21235 | Abyss:3  | Slain by a spatial maelstrom

Illustrated notes

Levels and vault maps discovered:
D:1:      dpeg_arrival_stone_temple_mockup, layout_basic,
          nicolae_figureground_pulse
D:2:      layout_rooms, dreamdust_ecumenical_altar_drowned_temple,
          chequers_avenue, st_stairs_7
D:3:      layout_basic, nicolae_ru_path_of_blood, mainiacjoe_overflow_chevrons,
          gup_sewer_entry_bowl, uniq_ijyb
D:4:      layout_basic, gammafunk_ghost_stat_death,
          minmay_misc_feat_more_columns, nrook_mini_vaults, uniq_natasha
D:5:      layout_rooms, slow_altar_2, lemuel_coloured_pillars_altar,
          minmay_temple_entry_gardened_gates
D:6:      layout_loops_corners, serial_undead, serial_undead_f, serial_undead_c,
          serial_undead_f, serial_undead_f, serial_undead_d, serial_undead_a,
          serial_undead_c, serial_undead_b, serial_undead_d, serial_undead_f,
          serial_shops, nicolae_shop_trees, shop
D:7:      layout_gridville, serial_rivers, chequers_serial_rivers_large_b,
          chequers_serial_rivers_micro_c, chequers_serial_rivers_room_b,
          chequers_serial_rivers_micro_b, chequers_serial_rivers_room_b,
          minmay_fountain_box
D:8:      layout_loops_corners, mainiacjoe_overflow_alcove_2, lair_entry_dummy,
          serial_aquarium, aquarium_bridge_long_separate
          [aquarium_subvault_bridge, aquarium_subvault_wall,
          aquarium_subvault_bridge, aquarium_subvault_wall,
          aquarium_subvault_wall, aquarium_subvault_bridge],
          aquarium_window_corner, aquarium_window_2, aquarium_window_corridor_2,
          aquarium_window_corner, aquarium_view_2e, aquarium_balcony_1a,
          aquarium_pool_side, serial_shops, nicolae_stop_n_shop_1
D:9:      layout_loops_cross, mainiacjoe_overflow_catwalk_spiral,
          kennysheep_orc_monster_closet_entryway
D:10:     layout_cave_pods, chequers_temple_overflow_statue_of_worship,
          ebering_ghost_funeral_grove, serial_shops, shop, enter_bailey_3,
          glass_columns_b
D:11:     layout_loops_corners, serial_shops, shop, dreamdust_princess_bridge,
          kennysheep_path_1, uniq_snorg
Lair:1:   layout_gridlike, basic_altar
Lair:2:   layout_cave_pods, nicolae_swamp_entry_splash_gauntlet,
          nicolae_spider_entry_non_spiders, enter_volcano_2
Lair:3:   layout_chaotic_city, st_stairs_9
Lair:4:   layout_layer_cave, lemuel_fruit_tree
Lair:5:   grunt_lair_end_beastmaster, layout_regular_city, slime_entry_2,
          dreamdust_mushroom_princess, kennysheep_abandoned_house,
          grunt_megastairs_2
Swamp:1:  nicolae_swamp_secret_spriggan_hideout, layout_basic_swamp,
          nicolae_swamp_ascending_descending, uniq_mlioglotl
Swamp:2:  layout_basic_swamp, evilmike_swamp_ruin_house_3, swamp_pool2,
          cheibrodos_swamp_pet_leeches
Swamp:3:  nicolae_swamp_phyte_club, layout_basic_swamp,
          infiniplex_staircase_pool, grunt_hermit_hut
Spider:1: layout_spider_delve, hangedman_spider_tarantella_strand, uniq_louise,
          uniq_asterion, uniq_frances
Slime:1:  layout_caves
Slime:2:  layout_caves, cheibrodos_slime_lost_civilization_4
Slime:3:  layout_caves, basic_altar
Slime:4:  layout_caves
Slime:5
Orc:1:    layout_caves, basic_altar, uniq_maurice, uniq_josephine,
          uniq_gastronok
Orc:2:    st_orc_town, layout_diamond_mine
Abyss:3:  base: Zot:5, nicolae_abyss_rune_star_stuff,
          evilmike_abyss_exit_kraken, base: Spider:1,
          hangedman_abyss_or_decor_jellyfish_corner, minivault_26,
          evilmike_abyss_exit_chaos, hangedman_abyss_overflow_altar,
          lemuel_flamethrower_2, hangedman_abyss_mock_shop,
          evilmike_nicolae_abyss_rune_containment_curve

Skill      XL: |  1  2  3  4  5  6  7  8  9 10 11 12 13 14 15 16 17 |
---------------+----------------------------------------------------+-----
Fighting       | 4 5 6 8 9 11 12 13 14 15 16 17 18 | 18.4
Armour         | 4 5 6 7 8 9 11 12 13 14 15 16 | 16.6
Axes           | 3 4 5 6 7 9 10 11 13 14 16 | 16.4
Shields        | 5 6 7 8 10 11 13 14 15 17 18 19 | 19.4
Maces & Flails | 1 3 |  3.6

Action                     |  1- 3 |  4- 6 |  7- 9 | 10-12 | 13-15 | 16-18 || total
---------------------------+-------+-------+-------+-------+-------+-------++-------
  Melee: War axe           |    65 |   191 |   203 |       |       |       ||   459
         Pseudopods        |       |       |    42 |    92 |    71 |       ||   205
         Flail             |       |       |    28 |    61 |       |       ||    89
         Battleaxe         |       |       |       |   422 |   869 |   752 ||  2043
         Bite              |       |       |       |       |    59 |       ||    59
 Invoke: Oozemancy         |       |       |     1 |     1 |       |     1 ||     3
Ability: Dig               |       |       |       |       |     1 |       ||     1
  Evoke: Lightning rod     |       |       |       |       |     1 |       ||     1
         Condenser vane    |       |       |       |       |       |     1 ||     1
    Use: Scroll            |       |       |     4 |    12 |     6 |     2 ||    24
         Potion            |       |       |     4 |       |       |     9 ||    13
   Stab: Petrified         |       |       |       |       |     9 |       ||     9
         Petrifying        |       |       |       |       |     2 |       ||     2
         Confused          |       |       |       |       |       |     1 ||     1
         Invisible         |       |       |       |       |       |     3 ||     3
         Distracted        |       |       |       |       |       |     1 ||     1
 Armour: Scale mail        |    30 |    86 |    56 |       |       |       ||   172
         Skin              |       |       |     5 |       |       |       ||     5
         Plate armour      |       |       |    22 |   226 |   467 |   438 ||  1153
  Dodge: Dodged            |    34 |    78 |   119 |   191 |   331 |   437 ||  1190
  Block: Buckler           |    12 |    40 |    75 |   187 |   350 |   450 ||  1114

Table legend: (Time is in decaauts)
 A = Elapsed time spent in this place.
 B = Non-inter-level travel time spent in this place.
 C = Inter-level travel time spent in this place.
 D = Time resting spent in this place.
 E = Time spent auto-exploring this place.
 F = Levels seen in this place.
 G = Mean time per level.
                   A        B        C        D        E       F      G
               +--------+--------+--------+--------+--------+-----+--------+
         Total |  21699 |  20074 |   1625 |   1031 |  11418 |  32 |  678.1 |
       Dungeon |   9601 |   8718 |    883 |    265 |   5928 |  11 |  872.8 |
          Lair |   5671 |   5270 |    401 |    242 |   3460 |   5 | 1134.2 |
         Swamp |   2549 |   2358 |    191 |    186 |   1248 |   3 |  849.7 |
   Spider Nest |     72 |     72 |      0 |      0 |      0 |   1 |   72.0 |
    Slime Pits |    176 |    116 |     60 |      0 |      0 |   5 |   35.2 |
  Orcish Mines |   1334 |   1245 |     89 |     33 |    567 |   2 |  667.0 |
         Abyss |   1224 |   1224 |      0 |     85 |    134 |   2 |  612.0 |
         Sewer |    454 |    454 |      0 |    168 |     59 |   1 |  454.0 |
        Bailey |    242 |    242 |      0 |      0 |      6 |   1 |  242.0 |
       Volcano |    371 |    371 |      0 |     52 |     15 |   1 |  371.0 |
               +--------+--------+--------+--------+--------+-----+--------+

Top non-repeatable levels by time:
  Lair:4: 1366 daAuts
  Lair:2: 1336 daAuts
     D:6: 1290 daAuts
 Abyss:3: 1224 daAuts
     D:8: 1197 daAuts
    D:11: 1144 daAuts
  Lair:5: 1096 daAuts
 Swamp:3: 1038 daAuts
   Orc:2: 1029 daAuts
  Lair:1: 1010 daAuts
    D:10: 938 daAuts
     D:3: 918 daAuts
  Lair:3: 863 daAuts
     D:9: 820 daAuts
     D:1: 811 daAuts
